AoeStats
← ska_18

Fortress

509638335Analyzed
3v3 RM · 3d ago on Sep 27, 2026· 87m 29s· 6 players
Game mode
Random Map
Map size
Large (8 player)
Population
200
Speed
Normal
Resources
Standard
Victory
Conquest
Starting age
Dark Age
Ending age
Imperial Age
RankedLock teamsTeams togetherTeam positionsShared explorationLock speedFull tech treeHidden civsTurbo modeCheats
Victory
Defeat
🇬🇧 Bulgarians · United Kingdom
1011
+13
🇨🇦 Lithuanians · Canada
973
+15
🇧🇷 Turks · Brazil
914
+17
🇪🇸 Bulgarians · Spain
953
-15
🇦🇹 Saracens · Austria
946
-15
🇧🇬 Vikings · Bulgaria
937
-15
ska_18
7:34 Feudal Age
10:06 Double-Bit Axe
12:45 Castle Age
10:31 Loom
11:14 Horse Collar
14:46 Wheelbarrow
15:05 Town Watch
15:33 Bow Saw
17:50 Hand Cart
18:57 Gold Mining
18:57 Stone Mining
19:03 Stone Mining
20:36 Heavy Plow
20:46 Scale Barding Armor
21:44 Forging
22:50 Gold Shaft Mining
22:06 Fletching
24:11 Iron Casting
24:49 Chain Barding Armor
25:11 Bodkin Arrow
26:36 Caravan
27:07 Coinage
27:14 Fervor
31:01 Imperial Age
28:38 Town Patrol
29:05 Murder Holes
30:12 Masonry
30:12 Fortified Wall
30:14 Bimaristan
31:24 Bloodlines
31:15 Husbandry
30:36 Light Cavalry
33:05 Chemistry
32:47 Conscription
32:02 Elite Mameluke
34:06 Plate Barding Armor
34:32 Blast Furnace
34:42 Hoardings
35:41 Sanctity
36:49 Two-Man Saw
41:44 Siege Engineers
75:41 Banking
75:16 Bracer
76:27 Ballistics
75:58 Guard Tower
75:53 Arrowslits
Dark
7:56 Feudal Age
6:55 Loom
9:11 Loom
15:29 Castle Age
14:14 Padded Archer Armor
14:39 Fletching
16:36 Crossbowman
19:58 Squires
27:57 Town Watch
33:29 Scale Mail Armor
33:39 Forging
34:07 Caravan
35:41 Double-Bit Axe
35:42 Horse Collar
40:05 Imperial Age
39:55 Chieftains
43:35 Chain Mail Armor
43:57 Iron Casting
44:33 Elite Berserk
52:37 Plate Mail Armor
59:40 Blast Furnace
65:18 Elite Skirmisher
66:16 Leather Archer Armor
65:57 Bodkin Arrow
67:38 Ring Archer Armor
67:08 Bracer
67:19 Bogsveigar
Mr Natas
9:26 Feudal Age
10:20 Horse Collar
10:27 Double-Bit Axe
11:24 Loom
14:58 Castle Age
14:59 Forging
14:50 Scale Mail Armor
14:41 Arson
15:56 Gambesons
16:16 Squires
18:07 Bow Saw
17:57 Heavy Plow
19:33 Pikeman
29:23 Gold Mining
35:26 Imperial Age
32:42 Town Watch
36:27 Halberdier
38:04 Conscription
39:19 Bagains
40:18 Iron Casting
39:58 Chain Mail Armor
39:22 Capped Ram
44:35 Blast Furnace
60:10 Bloodlines
60:03 Husbandry
62:00 Cavalier
62:50 Light Cavalry
AngryArtifact
6:33 Feudal Age
7:56 Wheelbarrow
8:44 Double-Bit Axe
14:21 Castle Age
13:59 Forging
13:53 Horse Collar
15:36 Bow Saw
17:11 Scale Barding Armor
18:22 Hand Cart
20:54 Gold Mining
23:07 Bloodlines
25:21 Iron Casting
25:43 Husbandry
27:24 Stone Mining
27:59 Chain Barding Armor
29:42 Stone Shaft Mining
33:35 Imperial Age
35:04 Elite Leitis
35:57 Heavy Plow
38:49 Conscription
39:22 Plate Barding Armor
42:43 Padded Archer Armor
43:38 Elite Skirmisher
44:24 Thumb Ring
45:57 Tower Shields
46:14 Leather Archer Armor
45:50 Fletching
48:01 Ballistics
48:28 Ring Archer Armor
47:54 Bodkin Arrow
51:58 Devotion
52:05 Bracer
60:58 Chemistry
67:56 Chemistry
72:19 Two-Man Saw
75:23 Light Cavalry
76:10 Caravan
81:00 Winged Hussar
HighTowerM8
0:28 Loom
6:54 Feudal Age
7:21 Double-Bit Axe
7:21 Horse Collar
13:36 Castle Age
16:26 Bow Saw
16:53 Heavy Plow
20:44 Wheelbarrow
23:04 Hand Cart
23:45 Stone Mining
27:32 Stone Shaft Mining
26:52 Gold Mining
31:21 Imperial Age
29:20 Stirrups
29:42 Bloodlines
29:51 Forging
29:42 Scale Mail Armor
29:51 Scale Barding Armor
29:41 Fletching
31:45 Iron Casting
31:25 Chain Mail Armor
31:31 Chain Barding Armor
32:08 Gold Shaft Mining
31:23 Gambesons
31:38 Squires
31:24 Arson
31:48 Husbandry
33:07 Blast Furnace
32:04 Bodkin Arrow
32:26 Masonry
32:37 Ballistics
32:54 Elite Konnik
34:24 Conscription
35:06 Plate Mail Armor
35:12 Plate Barding Armor
34:40 Bracer
35:03 Caravan
37:44 Architecture
STANLEY8392
1:22 Loom
7:49 Feudal Age
8:30 Double-Bit Axe
8:28 Horse Collar
9:24 Wheelbarrow
15:33 Castle Age
14:28 Gold Mining
14:28 Stone Mining
17:31 Forging
17:21 Scale Mail Armor
18:38 Padded Archer Armor
19:30 Bow Saw
19:22 Heavy Plow
22:48 Leather Archer Armor
22:23 Fletching
24:38 Hand Cart
29:05 Imperial Age
27:27 Bodkin Arrow
27:48 Chain Mail Armor
29:11 Scale Barding Armor
30:30 Ring Archer Armor
30:01 Bracer
30:59 Chain Barding Armor
32:19 Iron Casting
33:20 Gold Shaft Mining
33:52 Plate Mail Armor
35:04 Blast Furnace
40:59 Two-Man Saw
44:01 Plate Barding Armor
Connection lost

Rejoining the realm…

Still unreachable

The connection could not be restored.

Session expired

The server has moved on; the page needs a fresh start.